 Dungeon Sprint DCSS version 0.27-a0-1287-gca74d27db6 (webtiles) character file.

Game seed: 16005711065459053750

4 mhtbhm the Magician (level 1, -2/9 HPs)
             Began as a Spriggan Earth Elementalist on June 14, 2021.
             Slain by a phantom (9 damage)
             ... in the Dungeon (Sprint IX: "|||||||||||||||||||||||||||||").
             The game lasted 00:00:27 (407 turns).

mhtbhm the Magician (Spriggan Earth Elementalist)    Turns: 407, Time: 00:00:27

Health: -2/9       AC:  2    Str:  4    XL:     1   Next: 58%
Magic:  6/6        EV: 17    Int: 16    God:
Gold:   0          SH:  0    Dex: 15    Spells: 6/7 levels left

rFire    . . .     SeeInvis +   a - +0 short sword
rCold    . . .     Faith    .   (shield restricted)
rNeg     . . .     Spirit   .   c - +0 robe
rPois    .         Reflect  .   (helmet restricted)
rElec    .         Harm     .   (no cloak)
rCorr    .         Rampage  .   (gloves unavailable)
Will     .....     NoTele   +   (boots unavailable)
Stlth    ++........             (no amulet)
HPRegen  0.03/turn              (no ring)
MPRegen  0.10/turn              (no ring)

@: hasted, very quick
A: very small, no large weapons, unfitting armour, see invisible, speed 3
a: no special abilities


You were in the Dungeon.
You visited 1 branch

Inventory:

Hand Weapons
 a - a +0 short sword (weapon)
Missiles
 b - 17 stones
Armour
 c - a +0 robe (worn)
Scrolls
 i - a scroll of blinking
Potions
 g - a potion of magic
 h - a potion of berserk rage


   Skills:
 + Level 2.6 Dodging
 + Level 3.3 Stealth
 + Level 3.7 Spellcasting
 + Level 1.3 Transmutations
 + Level 3.4 Earth Magic


You had 6 spell levels left.
You knew the following spells:

 Your Spells              Type           Power      Damage    Failure   Level
a - Sandblast             Erth           28%        2d8       4%          1

Your spell library contained the following spells:

 Spells                   Type           Power      Damage    Failure   Level
 Passwall                 Tmut/Erth      8%         N/A       10%         2
 Stone Arrow              Conj/Erth      16%        3d8       26%         3
 Petrify                  Tmut/Erth      10%        N/A       54%         4
 Lee's Rapid Deconstruct  Erth           7%         3d7*      75%         5


Dungeon Overview and Level Annotations

Branches:
Dungeon (1/1)

Altars:


Innate Abilities, Weirdness & Mutations

You are very small and have problems with some larger weapons.
You are too small for most types of armour.
You have supernaturally acute eyesight. (SInv)
You cover ground extremely quickly. (Speed+++)


Message History

The phantom is heavily damaged.
The phantom hits you.
Unknown command.
Casting: Sandblast (safe; 4% risk of failure)
Confirm with . or Enter, or press ? or * to list all spells.
Aiming: Sandblast (safe; 4% risk of failure)
Press: ? - help, Shift-Dir - straight line, f/p - phantom
Aim: a phantom (heavily damaged, 71% to hit)
The blast of sand misses the phantom.
The blast of sand hits the jelly.
The jelly is moderately wounded.
The phantom closely misses you.
Unknown command.
You feel much better. The phantom barely misses you.
Unknown command.
Casting: Sandblast (safe; 4% risk of failure)
Confirm with . or Enter, or press ? or * to list all spells.
Aiming: Sandblast (safe; 4% risk of failure)
Press: ? - help, Shift-Dir - straight line, f/p - phantom
Aim: a phantom (heavily damaged, 71% to hit)
The blast of sand hits the phantom!
The phantom is severely damaged.
The phantom barely misses you.
Unknown command.
Unknown command.
You feel yourself speed up. The phantom hits you.
Casting: Sandblast (safe; 4% risk of failure)
Confirm with . or Enter, or press ? or * to list all spells.
You don't have enough magic to cast this spell.
Unknown command.
Magic courses through your body.
Casting: Sandblast (safe; 4% risk of failure)
Confirm with . or Enter, or press ? or * to list all spells.
Aiming: Sandblast (safe; 4% risk of failure)
Press: ? - help, Shift-Dir - straight line, f/p - phantom
Aim: a phantom (severely damaged, 71% to hit)
The blast of sand hits the phantom.
The phantom is severely damaged.
The phantom hits you!
Ouch! That really hurt!
You die...

▓+▓
▓.▓
▓Z▓
▓Z▓
▓r▓
▓J▓
▓W▓
▓@▓
▓.▓
▓.▓
▓.▓
▓)▓
▓'▓
▓÷▓
▓.▓
▓.▓


You could see a phantom, a jelly, a quokka and 2 ball python skeletons.

Vanquished Creatures
  A giant cockroach (D)
  A hobgoblin (D)
  A ball python (D)
  2 kobolds (D)
5 creatures vanquished.

Notes
Turn   | Place    | Note
-------+----------+-------------------------------------------
     0 | D        | mhtbhm the Spriggan Earth Elementalist began the quest for
                  | the Orb.
     0 | D        | Reached XP level 1. HP: 9/9 MP: 5/5
   396 | D        | Noticed a jelly
   396 | D        | Noticed a phantom
   407 | D        | Slain by a phantom

Illustrated notes

Levels and vault maps discovered:
D:        linesprint [early_d, line_temple, items_1, d_10, items_2, lair_1,
          lair_end, items_3, orc_1, orc_end, items_4, d_15, swamp_1, shoals_1,
          snake_1, spider_1, d_20, vaults_1, items_5, swamp_end, shoals_end,
          snake_end, spider_end, vaults_end, d_27, items_6, zot_1, zot_end,
          crypt_end, forest_end, elf_end, slime_end, tomb_end, abyss_end,
          pan_hell_end]

Skill      XL: |  1 |
---------------+----+-----
Earth Magic    | 3 |  3.4
Spellcasting   | 3 |  3.7
Dodging        | |  2.6
Stealth        | |  3.3
Transmutations | |  1.3

Action                   || total
-------------------------++-------
 Cast: Sandblast         ||    14
  Use: Potion            ||     4
Armor: Robe              ||     1
Dodge: Dodged            ||     4

Table legend: (Time is in decaauts)
 A = Elapsed time spent in this place.
 B = Non-inter-level travel time spent in this place.
 C = Inter-level travel time spent in this place.
 D = Time resting spent in this place.
 E = Time spent auto-exploring this place.
 F = Levels seen in this place.
 G = Mean time per level.
                   A        B        C        D        E       F      G
               +--------+--------+--------+--------+--------+-----+--------+
         Total |    402 |    402 |      0 |    374 |      1 |   1 |  402.0 |
       Dungeon |    402 |    402 |      0 |    374 |      1 |   1 |  402.0 |
               +--------+--------+--------+--------+--------+-----+--------+

Top non-repeatable levels by time:
       D: 402 daAuts
